 Dungeon Crawl Stone Soup version 0.31-a0-188-g5e087ee2ca (webtiles) character file.

Game seed: 8664583170188286386

117 qw the Skirmisher (level 4, 0/25 HPs)
             Began as a Deep Elf Hunter on June 23, 2023.
             Slain by an orc wizard
             ... wielding a +0 club
              (4 damage)
             ... on level 3 of the Dungeon.
             The game lasted 00:00:40 (1639 turns).

qw the Skirmisher (Deep Elf Hunter)                 Turns: 1639, Time: 00:00:41

Health: 0/25       AC:  7    Str: 10    XL:     4   Next: 71%
Magic:  6/6        EV:  9    Int: 14    God:
Gold:   54         SH:  0    Dex: 18    Spells: 3/3 levels left

rFire   . . .        Y - +0 shortbow
rCold   . . .        (shield currently unavailable)
rNeg    . . .        a - +0 scale mail
rPois   .            g - +0 helmet
rElec   .            (no cloak)
rCorr   .            (no gloves)
SInv    .            (no boots)
Will    .....        (no amulet)
Stlth   +            (no ring)
HPRegen 0.24/turn    (no ring)
MPRegen 0.10/turn

%: no passive effects
@: no status effects
A: no striking features
a: no special abilities


You were on level 3 of the Dungeon.
You visited 1 branch of the dungeon, and saw 3 of its levels.

You collected 54 gold pieces.


   Skills:
 - Level 1.5 Fighting
 + Level 8.1 Ranged Weapons
 - Level 2.4 Dodging
 - Level 1.2 Stealth


You had 3 spell levels left.
You didn't know any spells.
Your spell library was empty.

Inventory:

Hand Weapons
 Y - a +0 shortbow (weapon)
Armour
 a - a +0 scale mail (worn)
 g - a +0 helmet (worn)
Scrolls
 b - 2 scrolls of immolation {unknown}
Potions
 d - a potion of ambrosia {unknown}
 h - a potion of haste
 i - a potion of berserk rage {unknown}

Dungeon Overview and Level Annotations

Branches:
Dungeon (3/15)

Altars:


Message History

The orc is almost dead.
The orc hits you with a +0 short sword.
You shoot an arrow.
The arrow hits the orc but does no damage.
The orc is almost dead.
The orc hits you with a +0 short sword. The orc hits you but does no damage.
You shoot an arrow.
The arrow hits the orc but does no damage.
The orc is almost dead.
The orc completely misses you.
You shoot an arrow.
The arrow hits the orc but does no damage.
The orc is almost dead.
The orc hits you but does no damage.
You shoot an arrow. The arrow hits the orc.
You kill the orc!
The orc wizard mumbles some strange words.
The orc wizard flickers and vanishes!
Deactivating autopickup; reactivate with Ctrl-A.
You shoot an arrow. The arrow closely misses the orc.
The orc barely misses you. x2
You shoot an arrow. The arrow closely misses the orc.
The orc hits you with a +0 whip. The orc barely misses you.
You shoot an arrow.
The arrow hits the orc but does no damage.
The orc barely misses you.
The orc hits you from afar with a +0 trident.
You shoot an arrow. The arrow hits the orc.
The orc is heavily wounded.
The orc barely misses you. x3
You shoot an arrow. Something hits you but does no damage.
The orc hits you from afar with a +0 trident.
You shoot an arrow. The arrow closely misses the orc.
Something hits you.
The orc hits you from afar with a +0 trident!
You shoot an arrow. Something hits you. The orc hits you but does no damage. x2
Something hits you.
You die...

### #.. #.#
######.#
#...##.##########
#....%..........#
#...##.###.####.#
##@##### #.# #.#
#{# #.# #.#
...o..oo# #.# #.#
....#.### #.# #.#
.. #. #.# #.# #
#.# #.###
#######.####....
..............##
############.###


You could see 2 orcs.

Vanquished Creatures
  Natasha (D:2)
  An adder (D:2)
  3 gnolls (D:3)
  A worm (D:2)
  A dart slug (D:3)
  An orc (D:3)
  3 ball pythons
  9 endoplasms
  2 giant cockroaches
  3 goblins (D:2)
  4 hobgoblins
  A quokka (D:1)
  6 bats
  3 frilled lizards
  5 kobolds
  4 rats
48 creatures vanquished.

Notes
Turn   | Place    | Note
-------+----------+-------------------------------------------
     0 | D:1      | qw the Deep Elf Hunter began the quest for the Orb.
     0 | D:1      | Reached XP level 1. HP: 12/12 MP: 3/3
     0 | D:1      | 0 ||| qw: Version: 0.3-a-9-g12657ce
     0 | D:1      | 0 ||| qw: Game counter: 3497
     0 | D:1      | 0 ||| qw: Always use a shield: true
     0 | D:1      | 0 ||| qw: God list: Okawaru
     0 | D:1      | 0 ||| qw: Allow faded altars: false
     0 | D:1      | 0 ||| qw: Do Orc after D:15 true
     0 | D:1      | 0 ||| qw: Do second Lair branch before Depths: true
     0 | D:1      | 0 ||| qw: Lair rune preference: random
     0 | D:1      | 0 ||| qw: Plans: Normal
     0 | D:1      | 0 ||| PLANNING D:1-11
   225 | D:1      | Reached XP level 2. HP: 16/16 MP: 4/4
   276 | D:1      | Reached skill level 6 in Ranged Weapons
   551 | D:1      | Found a faded altar of an unknown god.
   556 | D:1      | 556 ||| DROPPING scroll of butterflies.
   696 | D:2      | 696 ||| READING scroll labelled DENAHAOXAZ.
   742 | D:2      | Reached XP level 3. HP: 20/20 MP: 5/5
   884 | D:2      | Noticed Natasha
   892 | D:2      | Killed Natasha
   893 | D:2      | Reached skill level 7 in Ranged Weapons
  1203 | D:2      | Reached XP level 4. HP: 25/25 MP: 6/6
  1370 | D:2      | 1370 ||| UPGRADING to +0 scale mail.
  1380 | D:2      | 1380 ||| DROPPING +0 leather armour.
  1381 | D:2      | 1381 ||| UPGRADING to +0 helmet.
  1386 | D:2      | 1386 ||| READING scroll labelled JAL OCOXTOINI.
  1387 | D:2      | 1387 ||| READING 2 scrolls labelled NYMAET FECWEHI.
  1388 | D:2      | 1388 ||| READING scroll labelled YKHAIT ONOJO.
  1389 | D:2      | 1389 ||| DRINKING 2 dark potions.
  1390 | D:2      | 1390 ||| DROPPING scroll of blinking.
  1442 | D:3      | Reached skill level 8 in Ranged Weapons
  1625 | D:3      | 1625 ||| Stepping ~*~*~tactically~*~*~ (outnumbered).
  1639 | D:3      | HP: 4/25 [something (4)]
  1639 | D:3      | Slain by an orc wizard

Levels and vault maps discovered:
D:1:      amcnicky_arrival_wind_blow, layout_rooms,
          dreamdust_ecumenical_altar_hidden_monk_grotto,
          grunt_decor_mini_mirrors
D:2:      layout_loops_corners, minmay_surrounded, uniq_natasha
D:3:      layout_loops_ring, marbit_many_paths, gammafunk_ghost_necromancy,
          lexackson_kobold_supper, uniq_sigmund

Skill      XL: |  1  2  3  4 |
---------------+-------------+-----
Ranged Weapons | 6 7 8 |  8.1
Fighting       | |  1.5
Dodging        | |  2.4
Stealth        | |  1.2

Action                     |  1- 3 |  4- 6 || total
---------------------------+-------+-------++-------
   Fire: Shortbow          |   105 |    58 ||   163
    Use: Scroll            |     1 |     3 ||     4
         Potion            |       |     1 ||     1
 Armour: Leather armour    |     6 |       ||     6
         Scale mail        |       |     7 ||     7
  Dodge: Dodged            |    12 |    16 ||    28

Table legend:
 A = Non-vault XP
 B = Vault XP
 C = Vault XP percentage of total XP
 D = Non-vault monster count
 E = Vault monster count
 F = Vault count percentage of total count
                 A         B        C        D         E       F
            +---------+---------+-------+---------+---------+-------
      Total |     125 |      43 |  25.6 |      43 |       5 |  10.4
            +---------+---------+-------+---------+---------+-------
        D:1 |      24 |       0 |   0.0 |      15 |       0 |   0.0
        D:2 |      49 |      43 |  46.7 |      21 |       5 |  19.2
        D:3 |      52 |       0 |   0.0 |       7 |       0 |   0.0
            +---------+---------+-------+---------+---------+-------
